 Dungeon Crawl Stone Soup version 0.31.0-11-ge490571c62 (webtiles) character file.

Game seed: 6507291823246442635

158 qw the Shooter (level 5, -1/26 HPs)
             Began as a Spriggan Hunter on Feb 4, 2024.
             Slain by a rat (2 damage)
             ... in a sewer.
             The game lasted 00:00:07 (2241 turns).

qw the Shooter (Spriggan Hunter)                    Turns: 2241, Time: 00:00:07

Health: -1/26      AC:  2    Str:  7    XL:     5   Next: 16%
Magic:  6/6        EV: 20    Int: 10    God:
Gold:   134        SH:  0    Dex: 21    Spells: 4/4 levels left

rFire   . . .        a - +0 shortbow
rCold   . . .        (shield currently unavailable)
rNeg    . . .        c - +0 robe
rPois   .            (helmet restricted)
rElec   .            (no cloak)
rCorr   .            (gloves unavailable)
SInv    +            (boots unavailable)
Will    .....        (no amulet)
Stlth   +            (no ring)
HPRegen 0.24/turn    (no ring)
MPRegen 0.10/turn

%: no passive effects
@: slow
A: very small, no large weapons, unfitting armour, see invisible, speed 3
a: no special abilities


You were in a sewer.
You visited 1 branch of the dungeon, and saw 3 of its levels.
You also visited: Sewer.

You collected 134 gold pieces.


Innate Abilities, Weirdness & Mutations

You are very small and have problems with some larger weapons.
You are too small for most types of armour.
You have supernaturally acute eyesight. (SInv)
You cover ground extremely quickly. (Speed+++)


   Skills:
 - Level 2.1 Fighting
 + Level 5.3 Ranged Weapons
 - Level 5.0 Dodging
 - Level 1.5 Stealth


You had 4 spell levels left.
You didn't know any spells.
Your spell library was empty.

Inventory:

Hand Weapons
 a - a +0 shortbow (weapon)
Armour
 c - a +0 robe (worn)
Scrolls
 g - 2 scrolls of enchant armour
Potions
 d - a potion of resistance {unknown}
 e - a potion of ambrosia {unknown}

Dungeon Overview and Level Annotations

Branches:
Dungeon (3/15)              Sewer (1/1)

Altars:


Message History

The rat misses you. The ball python misses you. The ball python constricts you.
The ball python misses you.
You shoot an arrow.
The arrow closely misses the ball python.
The ball python barely misses you. The ball python constricts you.
The rat splashes around in the water.
The rat completely misses you. The ball python closely misses you.
The ball python misses you. The ball python constricts you.
You shoot an arrow. The arrow hits the ball python!
You kill the ball python!
The ball python bites you. The ball python barely misses you.
The rat splashes around in the water.
The ball python barely misses you. The ball python completely misses you.
The ball python barely misses you. The ball python misses you.
You shoot an arrow.
The arrow closely misses the ball python.
The ball python bites you but does no damage.
The ball python barely misses you.
The rat splashes around in the water.
The ball python completely misses you. The ball python misses you.
The rat closely misses you. The ball python misses you.
The ball python grabs you. The ball python constricts you. The rat bites you.
You shoot an arrow.
The arrow barely misses the ball python.
The rat splashes around in the water.
The ball python misses you. The ball python barely misses you.
The ball python constricts you. The rat bites you. x2
You shoot an arrow. The arrow hits the ball python.
You kill the ball python!
The rat bites you but does no damage. The ball python closely misses you.
The ball python grabs you. The ball python constricts you.
The rat splashes around in the water.
The rat bites you. The ball python completely misses you.
The ball python constricts you.
The rat splashes around in the water.
You shoot an arrow. The arrow hits the ball python!
You kill the ball python!
The rat splashes around in the water. x2; The rat misses you.
You shoot an arrow. The arrow hits the rat.
You kill the rat!
The rat misses you. The rat completely misses you. The rat bites you.
You die...

################### .
###..~~~~~~.~~~~~~~~#...
#...~~~#~~~~~~~~~%~~~...
....~~~~#~~#~~~~@~~~~...
....~~~~~~~~~~~~rr~~~...
....~~~~~~~~~~~~~~~~....
.....~~~~~~~~~~~~~~~..##
...####################
..## .## .# %##


You could see 2 rats.

Vanquished Creatures
  A bombardier beetle (D:3)
  3 adders
  3 river rats (Sewer)
  A dart slug (D:1)
  A ribbon worm (D:2)
  13 ball pythons
  4 endoplasms
  2 giant cockroaches
  4 goblins
  3 hobgoblins
  5 jackals
  9 kobolds
  A quokka (D:2)
  9 bats
  4 frilled lizards
  8 rats
71 creatures vanquished.

Notes
Turn   | Place    | Note
-------+----------+-------------------------------------------
     0 | D:1      | qw the Spriggan Hunter began the quest for the Orb.
     0 | D:1      | Reached XP level 1. HP: 10/10 MP: 2/2
     0 | D:1      | 0 ||| qw: Version: 0.3-a-160-g6735b56
     0 | D:1      | 0 ||| qw: Game counter: 4940
     0 | D:1      | 0 ||| qw: Melee chars always use a shield: true
     0 | D:1      | 0 ||| qw: God list: Okawaru
     0 | D:1      | 0 ||| qw: Allow faded altars: false
     0 | D:1      | 0 ||| qw: Do Orc after clearing Dungeon:15 true
     0 | D:1      | 0 ||| qw: Do second Lair branch before Depths: true
     0 | D:1      | 0 ||| qw: Lair rune preference: random
     0 | D:1      | 0 ||| qw: Goals: Normal
     0 | D:1      | 0 ||| PLANNING D:1-11
    13 | D:1      | Reached skill level 3 in Dodging
   110 | D:1      | Reached XP level 2. HP: 12/14 MP: 3/3
   599 | D:1      | Reached XP level 3. HP: 18/18 MP: 4/4
   687 | D:1      | 687 ||| READING scroll labelled LATZOMIEGEPP.
   788 | D:1      | 788 ||| READING 2 scrolls labelled UTAS YSEBIWOEBB.
   788 | D:1      | 788 ||| IDENTIFYING blue potion
   789 | D:1      | 789 ||| DROPPING scroll of butterflies.
   790 | D:1      | 790 ||| DROPPING potion of brilliance.
   796 | D:2      | 796 ||| STAIRDANCE
  1274 | D:2      | 1274 ||| READING scroll of identify.
  1274 | D:2      | 1274 ||| IDENTIFYING bubbling cyan potion
  1278 | D:3      | 1278 ||| PLANNING SEWER
  1334 | D:3      | Reached XP level 4. HP: 22/22 MP: 5/5
  1397 | D:3      | Identified the +10 morningstar of the Chickpea {heavy,
                  | Will+ Dex+3}
  2057 | D:3      | Found a glowing drain.
  2058 | D:3      | 2058 ||| READING scroll labelled XYMUT PUICHU.
  2063 | D:3      | 2063 ||| READING 3 scrolls labelled KASHUBEI ESER.
  2063 | D:3      | 2063 ||| ENCHANTING +0 shortbow.
  2086 | Sewer    | Entered a sewer
  2119 | Sewer    | HP: 4/22 [poisoned by an adder]
  2120 | Sewer    | 2120 ||| DRINKING potion of heal wounds.
  2224 | Sewer    | Reached XP level 5. HP: 26/26 MP: 6/6
  2238 | Sewer    | HP: 5/26 [rat (2)]
  2239 | Sewer    | HP: 2/26 [rat (3)]
  2241 | Sewer    | Slain by a rat

Levels and vault maps discovered:
D:1:      matt_arrival_grand_opening, layout_basic, grunt_decor_resistance,
          nicolae_houndstooth_variations
D:2:      layout_basic
D:3:      minmay_general_purpose_star, layout_basic, portal_sewer_entry_d
Sewer:    sewer_minmay_w

Skill      XL: |  1  2  3  4  5 |
---------------+----------------+-----
Dodging        | 3 4 5 |  5.0
Ranged Weapons | 5 |  5.3
Fighting       | 2 |  2.1
Stealth        | |  1.5

Action                     |  1- 3 |  4- 6 || total
---------------------------+-------+-------++-------
   Fire: Shortbow          |    94 |    86 ||   180
    Use: Scroll            |     3 |     2 ||     5
         Potion            |       |     1 ||     1
 Armour: Robe              |     9 |    23 ||    32
  Dodge: Dodged            |    43 |    96 ||   139

Table legend:
 A = Non-vault XP
 B = Vault XP
 C = Vault XP percentage of total XP
 D = Non-vault monster count
 E = Vault monster count
 F = Vault count percentage of total count
                 A         B        C        D         E       F
            +---------+---------+-------+---------+---------+-------
      Total |     140 |      88 |  38.6 |      50 |      21 |  29.6
            +---------+---------+-------+---------+---------+-------
        D:1 |      42 |       0 |   0.0 |      27 |       0 |   0.0
        D:2 |      25 |       0 |   0.0 |      13 |       0 |   0.0
        D:3 |      73 |      21 |  22.3 |      10 |       6 |  37.5
      Sewer |       0 |      67 | 100.0 |       0 |      15 | 100.0
            +---------+---------+-------+---------+---------+-------
